 Dungeon Crawl Stone Soup version 0.28.0-62-gf88900778d (webtiles) character file.

Game seed: 2998852918369742630

161 jjjjhere the Skirmisher (level 5, 0/49 HPs)
             Began as a Minotaur Arcane Marksman on Apr 25, 2023.
             Slain by a wyvern zombie (8 damage)
             ... on level 4 of the Dungeon.
             The game lasted 00:05:22 (5017 turns).

jjjjhere the Skirmisher (Minotaur Arcane Marksman)  Turns: 5017, Time: 00:05:23

Health: 0/49       AC:  6    Str: 17    XL:     5   Next: 18%
Magic:  5/5        EV:  9    Int: 10    God:
Gold:   169        SH:  0    Dex: 10    Spells: 5/6 levels left

rFire   . . .      SeeInvis .   b - +0 flail (vorpal)
rCold   . . .      Faith    .   (no shield)
rNeg    . . .      Spirit   .   t - +0 scale mail
rPois   .          Reflect  .   (helmet restricted)
rElec   .          Harm     .   (no cloak)
rCorr   .          Rampage  .   (no gloves)
Will    .....                   (no boots)
Stlth   ..........              (no amulet)
HPRegen 0.16/turn               (no ring)
MPRegen 0.09/turn               (no ring)

@: no status effects
A: horns 2, retaliatory headbutt
a: no special abilities


You were on level 4 of the Dungeon.
You visited 1 branch of the dungeon, and saw 4 of its levels.

You collected 169 gold pieces.

Inventory:

Hand Weapons
 a - a +0 hunting sling
 b - a +0 vorpal flail (weapon)
 n - a +0 spear
 r - a +0 whip
Missiles
 f - 15 poisoned darts (quivered)
 k - 92 stones
 l - 5 javelins
 s - 3 boomerangs
Armour
 j - a +0 robe
 t - a +0 scale mail (worn)
Scrolls
 i - a scroll of holy word {unknown}
 m - a scroll of brand weapon {unknown}
 o - 2 scrolls of identify {unknown}
Potions
 d - a potion of ambrosia {unknown}
 e - 3 potions of curing {unknown}
 g - a potion of brilliance {unknown}
 h - a potion of heal wounds {unknown}
 p - a potion of lignification {unknown}
 q - a potion of degeneration {unknown}


   Skills:
 - Level 5.6 Fighting
 + Level 2.2 Maces & Flails
 - Level 2.0 Throwing
 - Level 2.1 Dodging
 - Level 1.0 Spellcasting
 - Level 2.0 Hexes


You had 5 spell levels left.
You knew the following spells:

 Your Spells              Type           Power      Damage    Failure   Level
a - Slow                  Hex            16%        N/A       50%         1

Your spell library contained the following spells:

 Spells                   Type           Power      Damage    Failure   Level
 Inner Flame              Hex/Fire       2%         N/A       94%         3
 Portal Projectile        Hex/Tloc       4%         N/A       94%         3
 Ozocubu's Armour         Ice            0%         N/A       98%         3
 Cause Fear               Hex            2%         N/A       99%         4
 Metabolic Englaciation   Hex/Ice        1%         N/A       100%        5
 Simulacrum               Ice/Necr       0%         N/A       100%        6


Dungeon Overview and Level Annotations

Branches:
Dungeon (4/15)
 Temple: D:4-7

Altars:
Elyvilon


Innate Abilities, Weirdness & Mutations

You have a pair of horns on your head.
You reflexively headbutt those who attack you in melee.


Message History

You sock the wyvern zombie!
The wyvern zombie is moderately damaged.
The wyvern zombie bites you but does no damage.
You completely miss the wyvern zombie.
You headbutt the wyvern zombie, but do no damage.
The wyvern zombie is moderately damaged.
The wyvern zombie bites you!
The wyvern zombie bites you but does no damage.
You hit the wyvern zombie.
The wyvern zombie is moderately damaged.
The wyvern zombie barely misses you. The wyvern zombie bites you!
* * * LOW HITPOINT WARNING * * *
You hit the wyvern zombie.
The wyvern zombie is heavily damaged.
The wyvern zombie bites you.
* * * LOW HITPOINT WARNING * * *
Throw: 2 throwing nets
Press: ? - help, Q - select action, (/) - cycle Shift-Dir - straight line, f - wyvern zombie
Aim: a wyvern zombie (heavily damaged, 78% to hit)
You throw a throwing net.
The throwing net hits the wyvern zombie.
The wyvern zombie is caught in the net!
The wyvern zombie is heavily damaged.
The wyvern zombie struggles against the net. x2
The wyvern zombie struggles against the net.
The wyvern zombie struggles against the net.
The net rips apart, and the wyvern zombie comes free!
Throw: throwing net
Press: ? - help, Q - select action, (/) - cycle Shift-Dir - straight line, f/p - wyvern zombie
Aim: a wyvern zombie (heavily damaged, 78% to hit)
You throw a throwing net.
The throwing net barely misses the wyvern zombie.
The wyvern zombie closely misses you.
Casting: Slow (safe; 50% risk of failure)
Confirm with . or Enter, or press ? or * to list all spells.
Okay, then.
You hit the wyvern zombie.
The wyvern zombie is heavily damaged.
The wyvern zombie bites you!
You die...

.............####.#..##
.............'....#..##
##...........####.#..##
................#.#..##
#..............#.#####
#..............#.#
#####..##......#.#
##############.#######.#.#
#.....(.....Z@..######.#.#
#.#..#########)......#.#.#
#.. #...###.# #.# #..
#...#.#.#.#.# #..
#.#.#.#.#.#.# #..
#.#...#.#.#.# ##.
###.......#.#.##### ..
........#..........
...................


You could see a wyvern zombie.

Vanquished Creatures
  A scorpion (D:3)
  3 gnolls
  An adder (D:3)
  4 orcs
  4 ball pythons
  9 bats
  6 endoplasms
  3 giant cockroaches
  4 goblins
  A hobgoblin (D:4)
  3 jackals (D:3)
  A quokka (D:1)
  5 frilled lizards
  9 kobolds
  4 rats
58 creatures vanquished.

Notes
Turn   | Place    | Note
-------+----------+-------------------------------------------
     0 | D:1      | jjjjhere the Minotaur Arcane Marksman began the quest for
                  | the Orb.
     0 | D:1      | Reached XP level 1. HP: 16/16 MP: 1/1
   335 | D:1      | Reached skill level 2 in Fighting
   690 | D:1      | Reached XP level 2. HP: 25/25 MP: 2/2
   872 | D:1      | Reached skill level 3 in Fighting
   998 | D:1      | HP: 4/26 [kobold/+0 short sword (5)]
  1853 | D:2      | Found a white marble altar of Elyvilon.
  2024 | D:2      | Reached XP level 3. HP: 25/33 MP: 3/3
  2817 | D:3      | Reached skill level 4 in Fighting
  3244 | D:3      | Noticed a scorpion
  3251 | D:3      | Killed a scorpion
  3252 | D:3      | Reached skill level 5 in Fighting
  3252 | D:3      | Reached XP level 4. HP: 30/42 MP: 4/4
  4129 | D:3      | Found a faded altar of an unknown god.
  4202 | D:3      | Reached skill level 1 in Maces & Flails
  4333 | D:3      | Reached XP level 5. HP: 17/49 MP: 5/5
  5005 | D:4      | HP: 12/49 [wyvern zombie (13)]
  5017 | D:4      | Slain by a wyvern zombie

Illustrated notes

Levels and vault maps discovered:
D:1:      dpeg_arrival_rooms_a, layout_loops_corners
D:2:      layout_loops_ring, serial_co_window_serial,
          co_window_of_opportunity_a, co_window_paths_b, co_window_paths_a,
          co_window_of_opportunity_a, co_window_paths_b, co_window_cross_1,
          co_window_corner_a, co_window_corner_ca, co_window_unsneaky_path_c,
          co_window_cross_4, co_window_corner_cb, co_window_broadway_a,
          co_window_paths_d, glass_columns_b, glass_columns_b, glass_columns_a,
          basic_altar
D:3:      layout_loops_ring, hellmonk_ecumenical_altar_heavens_door
D:4:      layout_basic, nicolae_ru_awakened_eye

Skill      XL: |  1  2  3  4  5 |
---------------+----------------+-----
Fighting       | 2 3 5 |  5.6
Maces & Flails | 1 2 |  2.2
Throwing       | |  2.0
Dodging        | |  2.1
Spellcasting   | |  1.0
Hexes          | |  2.0

Action                   |  1- 3 |  4- 6 || total
-------------------------+-------+-------++-------
Melee: Unarmed           |    59 |       ||    59
       Headbutt          |     9 |     8 ||    17
       Spear             |     6 |     3 ||     9
       Flail             |       |    27 ||    27
 Fire: Hunting sling     |    23 |    10 ||    33
Throw: Javelin           |    32 |       ||    32
       Throwing net      |     4 |     2 ||     6
Armor: Robe              |    20 |     1 ||    21
       Scale mail        |       |     3 ||     3
Dodge: Dodged            |    76 |    29 ||   105
